 Dungeon Crawl Stone Soup version 0.24.0-13-gcf9b319 (webtiles) character file.

Game seed: 14756094711758411915, levelgen mode: deterministic

24 Ceann the Firebug (level 3, 0/21 HPs)
             Began as an Octopode Fire Elementalist on Feb 12, 2020.
             Slain by a gnoll
             ... wielding a +0 flail
              (11 damage)
             ... on level 2 of the Dungeon.
             The game lasted 00:03:26 (1087 turns).

Ceann the Firebug (Octopode Fire Elementalist)      Turns: 1087, Time: 00:03:27

Health: 0/21       AC:  1    Str:  7    XL:     3   Next: 2%
Magic:  2/6        EV: 14    Int: 18    God:
Gold:   64         SH:  0    Dex: 17    Spells: 5/6 levels left

rFire    . . .     SeeInvis .   (no weapon)
rCold    . . .     Gourm    .   (no shield)
rNeg     . . .     Faith    .   (helmet restricted)
rPois    .         Spirit   .   (no amulet)
rElec    .         Reflect  .   e - +5 ring of dexterity
rCorr    .         Harm     .   (no ring)
MR       .....                  (no ring)
Stlth    +++.......             (no ring)
HPRegen  0.07/turn              (no ring)
MPRegen  0.10/turn              (no ring)
                                (no ring)
                                (no ring)

@: no status effects
A: almost no armour, stealthy swim, amphibious, 8 rings, constrict 8, camouflage
1, gelatinous body 1
a: no special abilities


You were on level 2 of the Dungeon.
You were not hungry.

You visited 1 branch of the dungeon, and saw 2 of its levels.

You collected 64 gold pieces.

Inventory:

Jewellery
 e - a +5 ring of dexterity (left tentacle)
Scrolls
 a - 3 scrolls of magic mapping {unknown}
 c - 6 scrolls of remove curse {unknown}
 d - a scroll of teleportation {unknown}
Potions
 f - 2 potions of brilliance {unknown}
Comestibles
 b - 2 rations
 g - a chunk of flesh


   Skills:
 + Level 2.2 Dodging
 + Level 2.9 Stealth
 + Level 0.2 Unarmed Combat
 + Level 2.1 Spellcasting
 + Level 1.1 Conjurations
 + Level 3.6 Fire Magic


You had 5 spell levels left.
You knew the following spells:

 Your Spells              Type           Power        Failure   Level  Hunger
a - Flame Tongue          Conj/Fire      ##...        7%          1    #......

Your spell library contained the following spells:

 Spells                   Type           Power        Failure   Level  Hunger
 Throw Flame              Conj/Fire      ##....       10%         2    ###....
 Conjure Flame            Conj/Fire      ##......     21%         3    ###....
 Inner Flame              Hex/Fire       #.......     26%         3    ###....
 Sticky Flame             Conj/Fire      ##......     54%         4    #####..
 Fireball                 Conj/Fire      ##........   88%         5    ######.


Dungeon Overview and Level Annotations

Branches:
Dungeon (2/15)

Altars:


Innate Abilities, Weirdness & Mutations

You cannot wear most types of armour.
You are very stealthy in the water. (Stealth+)
You are amphibious.
You can wear up to eight rings at the same time.
You can use your tentacles to constrict eight enemies at once.
Your skin changes colour to match your surroundings (Stealth+).
Your rubbery body absorbs attacks. (AC +1, EV +1)


Message History

There is a stone staircase leading down here.
Casting: Flame Tongue (safe; 7% risk of failure)
Confirm with . or Enter, or press ? or * to list all spells.
Aiming: Flame Tongue (safe; 7% risk of failure)
Press: ? - help, Shift-Dir - straight line, f/p - gnoll
Aim: a gnoll, wielding a +0 flail (moderately wounded)
The flame tongue hits the gnoll.
The gnoll is heavily wounded.
The gnoll hits you with a +0 flail!
Ouch! That really hurt!
Casting: Flame Tongue (safe; 7% risk of failure)
Confirm with . or Enter, or press ? or * to list all spells.
Aiming: Flame Tongue (safe; 7% risk of failure)
Press: ? - help, Shift-Dir - straight line, f/p - gnoll
Aim: a gnoll, wielding a +0 flail (heavily wounded)
The flame tongue hits the gnoll but does no damage.
The gnoll is heavily wounded.
The gnoll hits you with a +0 flail!
Ouch! That really hurt!
You die...

#.# #.# #........
#.# #.# #..?.....
#.# #.# #........
#.####.####........
#.#.r.>.gr.........
#.#g###.###........
#.#.# #.# #........
#.#g# #.# #........
#.#@###.# #r.......
#.#...#.# #........
#.#..รท#.# #########
#.#...#.######
#.#...#.#....#######
#.#...#.#.##........
#.#.......##........
#.#...#.#.##........
#.#...#.####........


You could see 2 gnolls and a rat.

Vanquished Creatures
  A dart slug (D:1)
  A giant cockroach (D:2)
  2 goblins
  2 hobgoblins
  A quokka (D:2)
  A ball python (D:2)
  5 bats (D:1)
  A frilled lizard (D:2)
  4 kobolds (D:1)
  5 rats
23 creatures vanquished.

Notes
Turn   | Place    | Note
-------+----------+-------------------------------------------
     0 | D:1      | Ceann the Octopode Fire Elementalist began the quest for
                  | the Orb.
     0 | D:1      | Reached XP level 1. HP: 11/11 MP: 3/3
   332 | D:1      | Reached XP level 2. HP: 16/17 MP: 0/5
   969 | D:2      | Reached XP level 3. HP: 20/21 MP: 2/6
  1087 | D:2      | Slain by a gnoll

Levels and vault maps discovered:
D:1:      lemuel_arrival_rhombus, layout_loops_ring, st_stairs_5
D:2:      layout_basic, grunt_temple_overflow_order_and_chaos_1,
          chequers_ecumenical_altar_simple

Action                   || total
-------------------------++-------
Melee: Unarmed           ||     6
       Constrict         ||     3
 Cast: Flame Tongue      ||    33
  Eat: Chunk             ||     1
Armor: Skin              ||     4
Dodge: Dodged            ||    15
